TOP OF THE 1ST |
Charleston Battery batting - Pitching for D.C. Divided : RHP Dan Seymour
|
Pitching: RHP Dan Seymour
|
|
Batting: LHB Norbert King
|
0-0: Ground out 3-1 (Groundball, 3D, EV 106.2 MPH)
|
Batting: LHB Steve Scott
|
0-0: Ball 1-0: Swinging Strike 1-1: Fly out, F8 (Flyball, 89XD, EV 83.1 MPH)
|
Batting: LHB Lang Ouyang
|
0-0: Fly out, F9 (Line Drive, 89M, EV 88.1 MPH)
|
Top of the 1st over - 0 runs, 0 hits, 0 errors, 0 left on base; Charleston 0 - D.C. 0 |
BOTTOM OF THE 1ST |
D.C. Divided batting - Pitching for Charleston Battery : LHP Raúl Fuentes
|
Pitching: LHP Raúl Fuentes
|
|
Batting: RHB Banu Judham
|
0-0: Ball 1-0: Ball 2-0: Called Strike 2-1: Foul Ball, location: 2F 2-2: Ground out 5-3 (Groundball, 56, EV 97.5 MPH)
|
Batting: RHB Amor Campos
|
0-0: Ball 1-0: Ball 2-0: Called Strike 2-1: Foul Ball, location: 2F 2-2: Strikes out looking
|
Batting: RHB Richard Trevithick
|
0-0: Fly out, F7 (Flyball, 7LD, EV 90.0 MPH)
|
Bottom of the 1st over - 0 runs, 0 hits, 0 errors, 0 left on base; Charleston 0 - D.C. 0 |
TOP OF THE 2ND |
Charleston Battery batting - Pitching for D.C. Divided : RHP Dan Seymour
|
Batting: LHB Edgar González
|
0-0: Foul Ball, location: 2F 0-1: Ball 1-1: Foul Ball, location: 2F 1-2: Ball 2-2: Fly out, F8 (Flyball, 8RM, EV 90.6 MPH)
|
Batting: RHB Rolf Pauw
|
0-0: Called Strike 0-1: SOLO HOME RUN (Flyball, 78XD, EV 115.6 MPH), Distance : 440 ft
|
Batting: LHB Eric MacKichan
|
0-0: Foul Ball, location: 2F 0-1: Ball 1-1: Foul Ball, location: 2F 1-2: Strikes out swinging
|
Batting: SHB Bryan Spilsbury
|
0-0: Ball 1-0: Called Strike 1-1: DOUBLE (Flyball, 78XD, EV 113.1 MPH)
|
Batting: LHB Alan Coxall
|
0-0: Called Strike 0-1: Swinging Strike 0-2: Ball 1-2: Strikes out swinging
|
Top of the 2nd over - 1 run, 2 hits, 0 errors, 1 left on base; Charleston 1 - D.C. 0 |
BOTTOM OF THE 2ND |
D.C. Divided batting - Pitching for Charleston Battery : LHP Raúl Fuentes
|
Batting: RHB Marvello Millon
|
0-0: Ball 1-0: Ball 2-0: Ball 3-0: Called Strike 3-1: Base on Balls
|
Batting: RHB Miguel Angel Criado
|
0-0: Called Strike 0-1: Ball 1-1: Ball 2-1: SINGLE (Line Drive, 7S, EV 96.2 MPH) Marvello Millon to second
|
Batting: SHB Jae-woo Ohm
|
0-0: SINGLE (Line Drive, 9LS, EV 102.5 MPH) Marvello Millon to third Miguel Angel Criado to second
|
Batting: RHB William Berg
|
0-0: Foul Ball, location: 2F 0-1: Fly out, F9 (Flyball, 9LM, EV 108.1 MPH) Runner from 3rd tags up, SCORES, throw by RF Miguel Angel Criado to third
|
Batting: RHB Benigno Bachelay
|
0-0: Called Strike 0-1: Fly out, F5 (Line Drive, 5L, EV 67.5 MPH)
|
Batting: RHB Cédric Dumas
|
0-0: Called Strike 0-1: Ball 1-1: Reached on error, E6 (Groundball, 6S, EV 80.0 MPH) Miguel Angel Criado scores Jae-woo Ohm to second
|
Batting: RHB Banu Judham
|
0-0: Called Strike 0-1: Ball 1-1: Ball 2-1: Foul Ball, location: 2F 2-2: Strikes out swinging
|
Bottom of the 2nd over - 2 runs, 2 hits, 1 error, 2 left on base; Charleston 1 - D.C. 2 |
TOP OF THE 3RD |
Charleston Battery batting - Pitching for D.C. Divided : RHP Dan Seymour
|
Batting: SHB Ji-hoon Ku
|
0-0: Swinging Strike 0-1: Swinging Strike 0-2: Fly out, F8 (Flyball, 8LXD, EV 105.0 MPH)
|
Batting: LHB Norbert King
|
0-0: Foul Ball, location: 2F 0-1: SINGLE (Groundball, P, EV 81.2 MPH) (infield hit)
|
Batting: LHB Steve Scott
|
0-0: Called Strike Norbert King steals 2nd base 0-1: Ball Norbert King steals 3rd base 1-1: Fly out, F9 (Flyball, 9, EV 85.0 MPH) Runner from 3rd tags up, SCORES, no throw by RF
|
Batting: LHB Lang Ouyang
|
0-0: Ball 1-0: Foul Ball, location: 2F 1-1: Ball 2-1: Called Strike 2-2: SINGLE (Groundball, 34S, EV 72.5 MPH) (infield hit)
|
Batting: LHB Edgar González
|
0-0: Foul Ball, location: 2F 0-1: Ball 1-1: Called Strike 1-2: Ball Lang Ouyang is caught stealing 2nd base 2-6
|
Top of the 3rd over - 1 run, 2 hits, 0 errors, 0 left on base; Charleston 2 - D.C. 2 |
BOTTOM OF THE 3RD |
D.C. Divided batting - Pitching for Charleston Battery : LHP Raúl Fuentes
|
Batting: RHB Amor Campos
|
0-0: Called Strike 0-1: Called Strike 0-2: Strikes out swinging
|
Batting: RHB Richard Trevithick
|
0-0: Ball 1-0: Foul Ball, location: 2F 1-1: Called Strike 1-2: Foul Ball, location: 2F 1-2: Ball 2-2: SINGLE (Flyball, 8LS, EV 99.4 MPH)
|
Batting: RHB Marvello Millon
|
0-0: Ball 1-0: Foul Ball, location: 2F 1-1: Called Strike 1-2: Strikes out looking
|
Batting: RHB Miguel Angel Criado
|
0-0: Fly out, F7 (Line Drive, 7LM, EV 96.2 MPH)
|
Bottom of the 3rd over - 0 runs, 1 hit, 0 errors, 1 left on base; Charleston 2 - D.C. 2 |
TOP OF THE 4TH |
Charleston Battery batting - Pitching for D.C. Divided : RHP Dan Seymour
|
Batting: LHB Edgar González
|
0-0: Foul Ball, location: 2F 0-1: Foul Ball, location: 2F 0-2: Foul Ball, location: 2F 0-2: Ball 1-2: Ball 2-2: Foul Ball, location: 2F 2-2: Ground out 5-3 (Groundball, 5, EV 85.6 MPH)
|
Batting: RHB Rolf Pauw
|
0-0: Called Strike 0-1: Fly out, F9 (Flyball, 9D, EV 94.4 MPH)
|
Batting: LHB Eric MacKichan
|
0-0: Ball 1-0: Ball 2-0: Foul Ball, location: 2F 2-1: Ball 3-1: Ground out 4-3 (Groundball, 4S, EV 86.9 MPH)
|
Top of the 4th over - 0 runs, 0 hits, 0 errors, 0 left on base; Charleston 2 - D.C. 2 |
BOTTOM OF THE 4TH |
D.C. Divided batting - Pitching for Charleston Battery : LHP Raúl Fuentes
|
Batting: SHB Jae-woo Ohm
|
0-0: SINGLE (Groundball, 6D, EV 94.4 MPH)
|
Batting: RHB William Berg
|
0-0: Grounds into double play, 5-4-3 (Groundball, 56, EV 83.1 MPH)
|
Batting: RHB Benigno Bachelay
|
0-0: Called Strike 0-1: Ground out 6-3 (Groundball, 6S, EV 79.4 MPH)
|
Bottom of the 4th over - 0 runs, 1 hit, 0 errors, 0 left on base; Charleston 2 - D.C. 2 |
TOP OF THE 5TH |
Charleston Battery batting - Pitching for D.C. Divided : RHP Dan Seymour
|
Batting: SHB Bryan Spilsbury
|
0-0: Called Strike 0-1: Ground out 4-3 (Groundball, 34D, EV 96.2 MPH)
|
Batting: LHB Alan Coxall
|
0-0: Ball 1-0: Ball 2-0: Ground out U3 (Groundball, 3L, EV 107.5 MPH)
|
Batting: SHB Ji-hoon Ku
|
0-0: Called Strike 0-1: Swinging Strike 0-2: Ground out 3-1 (Groundball, 34, EV 106.2 MPH)
|
Top of the 5th over - 0 runs, 0 hits, 0 errors, 0 left on base; Charleston 2 - D.C. 2 |
BOTTOM OF THE 5TH |
D.C. Divided batting - Pitching for Charleston Battery : LHP Raúl Fuentes
|
Batting: RHB Cédric Dumas
|
0-0: Foul Ball, location: 2F 0-1: Called Strike 0-2: Ground out 6-3 (Groundball, 6, EV 85.0 MPH)
|
Batting: RHB Banu Judham
|
0-0: Ball 1-0: DOUBLE (Line Drive, 89M, EV 88.8 MPH)
|
Batting: RHB Amor Campos
|
0-0: DOUBLE (Line Drive, 7LM, EV 94.4 MPH) Banu Judham scores
|
Batting: RHB Richard Trevithick
|
0-0: Ball 1-0: Swinging Strike 1-1: Foul Ball, location: 2F 1-2: Ground out 5-3 (Groundball, 5L, EV 76.2 MPH)
|
Batting: RHB Marvello Millon
|
0-0: Ball 1-0: Called Strike 1-1: Ball 2-1: Ball 3-1: Foul Ball, location: 2F 3-2: Foul Ball, location: 2F 3-2: Foul Ball, location: 2F 3-2: Strikes out looking
|
Bottom of the 5th over - 1 run, 2 hits, 0 errors, 1 left on base; Charleston 2 - D.C. 3 |
TOP OF THE 6TH |
Charleston Battery batting - Pitching for D.C. Divided : RHP Dan Seymour
|
Batting: LHB Norbert King
|
0-0: Called Strike 0-1: Ball 1-1: Called Strike 1-2: Ground out 3-1 (Groundball, 34S, EV 85.6 MPH)
|
Batting: LHB Steve Scott
|
0-0: Ground out 6-3 (Groundball, 6M, EV 105.0 MPH)
|
Batting: LHB Lang Ouyang
|
0-0: Foul Ball, location: 2F 0-1: Ball 1-1: Ball 2-1: Foul Ball, location: 2F 2-2: Ball 3-2: Foul Ball, location: 2F 3-2: Foul Ball, location: 2F 3-2: Foul Ball, location: 2F 3-2: Fly out, F7 (Flyball, 7LMF, EV 95.0 MPH)
|
Top of the 6th over - 0 runs, 0 hits, 0 errors, 0 left on base; Charleston 2 - D.C. 3 |
BOTTOM OF THE 6TH |
D.C. Divided batting - Pitching for Charleston Battery : LHP Raúl Fuentes
|
Batting: RHB Miguel Angel Criado
|
0-0: Called Strike 0-1: Foul Ball, location: 2F 0-2: Ball 1-2: Strikes out looking
|
Batting: SHB Jae-woo Ohm
|
0-0: Ball 1-0: Ball 2-0: Called Strike 2-1: Called Strike 2-2: Fly out, F8 (Flyball, 8RS, EV 79.4 MPH)
|
Batting: RHB William Berg
|
0-0: Called Strike 0-1: Ground out U3 (Groundball, 3, EV 93.1 MPH)
|
Bottom of the 6th over - 0 runs, 0 hits, 0 errors, 0 left on base; Charleston 2 - D.C. 3 |
TOP OF THE 7TH |
Charleston Battery batting - Pitching for D.C. Divided : RHP Dan Seymour
|
Batting: LHB Edgar González
|
0-0: Fly out, F8 (Line Drive, 8LM, EV 88.8 MPH)
|
Batting: RHB Rolf Pauw
|
0-0: Ball 1-0: Foul Ball, location: 2F 1-1: SINGLE (Groundball, 34D, EV 106.2 MPH)
|
Batting: LHB Eric MacKichan
|
0-0: Fly out, F7 (Flyball, 78S, EV 96.9 MPH)
|
Batting: SHB Bryan Spilsbury
|
0-0: Foul Ball, location: 2F 0-1: Ball 1-1: Ground out 4-3 (Groundball, 4, EV 93.1 MPH)
|
Top of the 7th over - 0 runs, 1 hit, 0 errors, 1 left on base; Charleston 2 - D.C. 3 |
BOTTOM OF THE 7TH |
D.C. Divided batting - Pitching for Charleston Battery : LHP Raúl Fuentes
|
Batting: RHB Benigno Bachelay
|
0-0: Ball 1-0: Ball 2-0: DOUBLE (Line Drive, 89D, EV 109.4 MPH)
|
Batting: RHB Cédric Dumas
|
0-0: Ball 1-0: Swinging Strike 1-1: Swinging Strike 1-2: Ball 2-2: Foul Ball, location: 2F 2-2: Strikes out swinging
|
Batting: RHB Banu Judham
|
0-0: Ball 1-0: Swinging Strike 1-1: Ball 2-1: Called Strike 2-2: Ground out 5-3 (Groundball, 5, EV 89.4 MPH)
|
Batting: RHB Amor Campos
|
0-0: Swinging Strike 0-1: Ball 1-1: Called Strike 1-2: Strikes out looking
|
Bottom of the 7th over - 0 runs, 1 hit, 0 errors, 1 left on base; Charleston 2 - D.C. 3 |
TOP OF THE 8TH |
Charleston Battery batting - Pitching for D.C. Divided : RHP Dan Seymour
|
Batting: LHB Alan Coxall
|
0-0: Ball 1-0: Fly out, F9 (Line Drive, 9, EV 85.6 MPH)
|
Pitching: RHP Wes Gilmore
|
|
Batting: SHB Ji-hoon Ku
|
0-0: Swinging Strike 0-1: Foul Ball, location: 2F 0-2: Ball 1-2: Strikes out swinging
|
Batting: LHB Norbert King
|
0-0: Ball 1-0: Called Strike 1-1: Called Strike 1-2: Foul Ball, location: 2F 1-2: Ball 2-2: Ball 3-2: Foul Ball, location: 2F 3-2: Base on Balls
|
Batting: LHB Steve Scott
|
0-0: Ball 1-0: Called Strike 1-1: Ball 2-1: Foul Ball, location: 2F 2-2: Ball 3-2: Strikes out swinging
|
Top of the 8th over - 0 runs, 0 hits, 0 errors, 1 left on base; Charleston 2 - D.C. 3 |
BOTTOM OF THE 8TH |
D.C. Divided batting - Pitching for Charleston Battery : LHP Raúl Fuentes
|
Batting: RHB Richard Trevithick
|
0-0: Called Strike 0-1: Fly out, F9 (Line Drive, 9, EV 93.1 MPH)
|
Batting: RHB Marvello Millon
|
0-0: Ball 1-0: Ball 2-0: Ball 3-0: Base on Balls
|
Batting: RHB Miguel Angel Criado
|
0-0: Called Strike 0-1: Ball 1-1: SINGLE (Line Drive, 4D, EV 97.5 MPH) Marvello Millon to second Runner from 2nd tries for 3rd, SAFE, throw by RF made to third
|
Batting: SHB Jae-woo Ohm
|
0-0: DOUBLE (Line Drive, 7LS, EV 97.5 MPH) Marvello Millon scores Miguel Angel Criado to third Runner from 3rd tries for Home, SAFE, throw by LF to trailing runner, OUT at third! 7-3-5
|
Batting: RHB William Berg
|
0-0: Ball 1-0: Ground out 6-3 (Groundball, 56, EV 105.6 MPH)
|
Bottom of the 8th over - 2 runs, 2 hits, 0 errors, 0 left on base; Charleston 2 - D.C. 5 |
TOP OF THE 9TH |
Charleston Battery batting - Pitching for D.C. Divided : RHP Wes Gilmore
|
Pitching: LHP David Guzmán
|
|
Now at 3B: Eloi Hanai
|
|
Batting: LHB Lang Ouyang
|
0-0: Called Strike 0-1: Swinging Strike 0-2: Ball 1-2: Ball 2-2: Ball 3-2: Base on Balls
|
Batting: LHB Edgar González
|
0-0: Ball 1-0: Ball 2-0: Grounds into double play, 4-6-3 (Groundball, 4, EV 85.6 MPH)
|
Batting: RHB Rolf Pauw
|
0-0: Called Strike 0-1: Ball 1-1: Ball 2-1: Called Strike 2-2: Fly out, F9 (Line Drive, 9, EV 97.5 MPH)
|
Top of the 9th over - 0 runs, 0 hits, 0 errors, 0 left on base; Charleston 2 - D.C. 5 |
|